Map: Ruins of Endion

Players

capac - Winner!

  • Race: Terran Terran
  • League: Gold

Fireomani

  • Race: Protoss Protoss
  • League: Gold

VOD

Have the link to the VOD?

Description

Time

  • Played on: April 30, 2016, 6:20 a.m.
  • Length: 15:15
Show
View Real Time Build Order
Export as new Build Order

capac Terran - Winner!

Build Orders: Reaper Expand, MMM Bio 

Get SALT Encoding   

  12  0:02  SCV  
  13  0:14  SCV  
  13  0:19  Supply Depot  
  14  0:26  SCV  
  15  0:40  SCV  
  16  0:43  Barracks  
  16  0:46  Refinery  
  16  0:53  SCV  
  17  1:05  SCV  
  18  1:17  SCV  
  19  1:31  Reaper  
  20  1:33  Orbital Command  
  20  1:49  Command Center  
  20  1:56  Supply Depot  
  20  1:59  SCV  
  21  2:16  Factory, SCV  
  22  2:23  Barracks  
  22  2:27  Marine  
  22  2:50  SCV  
  23  2:54  Barracks Reactor  
  23  2:57  Engineering Bay, Barracks  
  23  3:03  Starport  
  23  3:08  Refinery  
  23  3:12  Orbital Command  
  23  3:15  SCV  
  24  3:21  Factory Tech Lab  
  24  3:30  Missile Turret  
  24  3:35  Barracks Tech Lab  
  24  3:37  Marine x2  
  24  3:38  SCV  
  24  3:40  SCV  
  30  3:51  Siege Tank  
  31  3:57  Marine x3  
  31  3:58  Marine  
  31  3:59  SCV  
  31  4:01  SCV  
  37  4:09  Medivac  
  39  4:14  SCV x2  
  41  4:19  Refinery  
  41  4:23  Marine x2  
  41  4:24  Barracks Reactor  
  43  4:25  Marine  
  43  4:26  SCV x2  
  46  4:44  Starport Reactor  
  46  4:54  Stimpack  
  46  4:58  Supply Depot x2  
  46  5:19  Marine x3, SCV x2  
  51  5:22  Marine x2  
  51  5:23  Missile Turret  
  51  5:27  Supply Depot  
  53  5:31  SCV x2  
  53  5:34  Medivac  
  53  5:35  Medivac  
  59  5:36  Barracks  
  59  5:43  SCV x2  
  61  5:55  SCV x2  
  61  5:56  Missile Turret  
  63  5:59  Marine  
  63  6:00  Marine x4  
  63  6:01  Refinery  
  68  6:05  Supply Depot  
  68  6:08  Supply Depot  
  68  6:18  SCV x2  
  70  6:26  Marine x5  
  70  6:29  Barracks, Barracks Reactor  
  70  6:30  SCV x2  
  68  7:04  Marine x3  
  68  7:05  Marine x2  
  68  7:07  Medivac x2  
  77  7:08  Siege Tank  
  80  7:15  Combat Shields  
  80  7:18  SCV x2  
  80  7:21  Barracks Reactor  
  80  7:22  Command Center  
  82  7:23  Supply Depot, Marauder  
  84  7:32  Marine x2  
  84  7:33  Supply Depot  
  84  7:35  Liberator  
  86  7:38  Liberator  
  86  7:45  Marine x3, SCV x2  
  91  7:53  Supply Depot  
  97  7:59  Supply Depot  
  97  8:04  Siege Tank  
  100  8:15  Starport  
  100  8:19  Marine  
  100  8:20  Marine x5  
  100  8:21  Marauder, Marine x2  
  100  8:23  Liberator x2  
  100  8:25  Supply Depot  
  110  8:28  Supply Depot  
  110  8:29  Terran Infantry Weapons Level 1  
  116  8:45  Orbital Command  
  116  8:56  Starport Reactor  
  116  8:59  Marine x5  
  116  9:00  Marine  
  116  9:01  Marine x2  
  124  9:06  Liberator x2  
  124  9:19  Supply Depot  
  124  9:20  Supply Depot  
  130  9:31  Liberator x2  
  130  9:33  Orbital Command  
  130  9:40  SCV x2  
  132  9:50  Liberator x2  
  132  9:52  Armory  
  138  10:10  Missile Turret  
  138  10:11  Marauder, Marine x5, Missile Turret  
  138  10:12  Marine  
  138  10:14  Marine  
  153  10:29  Terran Infantry Armor Level 1  
  153  10:42  Engineering Bay  
  153  10:44  Marine x5  
  153  10:45  Marauder, Marine x3  
  153  10:48  Medivac  
  165  10:54  Supply Depot x2  
  165  11:14  Liberator  
  165  11:15  Marine x7, Medivac  
  165  11:16  Marauder  
  176  11:29  Marine  
  180  11:33  Marine  
  180  11:35  Marine x3  
  180  11:47  Marine  
  180  11:50  Liberator x2  
  181  12:04  Liberator x2  
  181  12:06  Marine  
  181  12:07  Marauder, Marine x3  
  172  12:11  Marine x2  
  172  12:12  Marine x2  
  174  12:24  Marine x2  
  174  12:28  Marauder  
  175  12:50  Marauder  
  177  12:54  Marine x4  
  181  13:07  Supply Depot  
  181  13:09  Supply Depot  
  181  13:13  Marine  
  181  13:28  Marine x4  
  154  14:41  Marine x5  
  154  14:42  Marine x2  
Show
View Real Time Build Order
Export as new Build Order

Fireomani Protoss 

Build Orders:  

Get SALT Encoding   

  12  0:01  Probe (Chrono Boost)  
  13  0:11  Probe (Chrono Boost)  
  14  0:19  Pylon  
  14  0:22  Probe (Chrono Boost)  
  15  0:29  Assimilator  
  15  0:41  Gateway  
  15  0:44  Probe (Chrono Boost)  
  16  0:53  Assimilator  
  16  0:54  Probe (Chrono Boost)  
  17  1:05  Probe (Chrono Boost)  
  18  1:18  Probe (Chrono Boost)  
  19  1:29  Cybernetics Core  
  19  1:31  Zealot  
  21  1:33  Probe (Chrono Boost)  
  22  1:50  Probe (Chrono Boost), Pylon  
  23  2:07  Warp Gate (Chrono Boost)  
  23  2:08  Probe (Chrono Boost)  
  24  2:09  Adept  
  25  2:30  Mothership Core (Chrono Boost)  
  27  2:48  Adept  
  29  2:57  Nexus  
  29  3:04  Pylon  
  29  3:09  Probe  
  30  3:21  Probe, Gateway  
  31  3:27  Assimilator  
  31  3:38  Gateway  
  31  3:44  Pylon  
  31  3:58  Robotics Facility  
  31  4:07  Pylon  
  31  4:09  Probe  
  32  4:10  Probe  
  33  4:17  Sentry  
  33  4:21  Stalker  
  37  4:31  Forge  
  37  4:35  Probe x2  
  39  4:45  Stalker  
  41  4:51  Probe  
  41  4:52  Probe  
  43  4:55  Assimilator  
  43  5:00  Pylon  
  43  5:10  Pylon  
  43  5:12  Adept  
  43  5:13  Probe  
  45  5:14  Probe  
  45  5:20  Adept  
  49  5:26  Stalker  
  51  5:33  Photon Cannon  
  51  5:36  Probe  
  51  5:37  Probe  
  53  5:46  Warp Prism  
  55  5:50  Probe  
  55  5:52  Probe  
  55  5:55  Protoss Ground Weapons Level 1  
  57  6:07  Twilight Council  
  57  6:10  Pylon  
  57  6:11  Stalker  
  59  6:17  Stalker  
  61  6:19  Probe x2  
  63  6:29  Gateway  
  63  6:40  Immortal  
  53  7:05  Probe, Stalker x2  
  53  7:06  Stalker  
  53  7:07  Probe  
  61  7:11  Blink  
  61  7:14  Templar Archives  
  61  7:20  Mothership Core  
  63  7:26  Immortal  
  67  7:33  Pylon  
  67  7:35  Probe, Stalker  
  70  7:41  Probe  
  70  7:43  Stalker  
  73  7:45  Probe, Sentry  
  73  7:50  Psionic Storm  
  73  7:51  Stalker  
  78  7:53  Probe  
  79  8:05  Probe  
  79  8:06  Probe, Robotics Facility  
  81  8:15  Probe  
  82  8:23  Photon Cannon, High Templar  
  82  8:24  High Templar  
  86  8:37  Photon Cannon  
  86  8:39  Nexus  
  86  8:43  High Templar  
  88  8:49  High Templar  
  90  8:59  Protoss Ground Armor Level 1  
  90  9:03  Pylon  
  90  9:06  Assimilator  
  90  9:09  Assimilator  
  94  9:17  Immortal  
  94  9:18  Immortal  
  94  9:22  Stalker  
  100  9:26  Stalker  
  102  9:31  Pylon  
  102  9:34  Pylon  
  102  9:48  Robotics Bay  
  102  9:50  Pylon  
  102  9:51  Stalker  
  104  9:54  Stalker  
  104  9:56  Probe  
  107  10:00  Probe  
  107  10:01  Probe  
  109  10:08  Probe  
  109  10:13  Probe  
  111  10:17  Robotics Facility  
  111  10:20  Probe  
  111  10:22  Probe  
  111  10:25  Probe, Forge  
  114  10:30  Observer (Chrono Boost)  
  114  10:33  Stalker x2  
  119  10:36  High Templar  
  119  10:41  High Templar  
  123  10:45  Probe  
  123  10:46  Probe x2  
  126  10:54  Disruptor (Chrono Boost)  
  126  10:55  Probe  
  129  10:58  Probe x2  
  135  11:06  Probe, Disruptor (Chrono Boost)  
  135  11:11  Probe x2  
  138  11:17  Probe  
  144  11:27  Stargate  
  144  11:28  Colossus (Chrono Boost)  
  119  12:19  Stargate  
  119  12:25  Pylon  
  119  12:27  Pylon  
  119  12:29  Pylon  
  119  12:43  Void Ray (Chrono Boost)  
  127  13:24  Void Ray (Chrono Boost)  
  123  13:42  Nexus  
  123  13:45  Void Ray (Chrono Boost)  
  75  14:23  Stalker x2  
  68  14:25  Stalker x2  
  68  14:29  Void Ray (Chrono Boost)  
  74  14:35  Void Ray (Chrono Boost)  
Tags
 
Add a new tag
Caveats
  • Supply blocks, unpowered buildings, or Contaminate may cause inaccurate times.
  • Supply counts are checked every 10 seconds.